 Dungeon Crawl Stone Soup version 0.17.2-1-ge4368a0 (webtiles) character file.

154581 magipi the Fencer (level 17, -14/119 HPs)
             Began as a High Elf Berserker on June 28, 2017.
             Was the Champion of Trog.
             Killed by the raging water
             ... invoked by a water nymph
              (25 damage)
             ... on level 4 of the Shoals on June 29, 2017.
             The game lasted 02:29:56 (25774 turns).

magipi the Fencer (High Elf Berserker)             Turns: 25774, Time: 02:29:56

Health: -14/119    AC: 32    Str: 18    XL:     17   Next: 6%
Magic:  26/26      EV: 24    Int: 13    God:    Trog [******]
Gold:   877        SH:  0    Dex: 27    Spells: 0 memorised, 16 levels left

rFire  + . .     SeeInvis +     a - +3 great sword (freeze)
rCold  + . .     Clarity  .     C - +8 chain mail "Haprueli" {rElec rPois rF+ Dex+3}
rNeg   . . .     SustAt   .     (shield currently unavailable)
rPois  +         Gourm    .     B - +2 helmet
rElec  +         Spirit   .     q - +2 cloak
rCorr  .         Warding  .     L - +1 pair of gloves
rMut   .         Stasis   .     R - +1 pair of boots
MR     +....                    l - amulet of faith
Stlth  ..........               c - ring of protection from cold
                                i - ring of see invisible

@: agile, somewhat resistant to hostile enchantments, extremely unstealthy
A: no striking features
a: Berserk, Trog's Hand, Brothers in Arms, Burn Spellbooks, Renounce Religion


You were on level 4 of the Shoals.
You worshipped Trog.
Trog was exalted by your worship.
You were not hungry.

You visited 4 branches of the dungeon, and saw 31 of its levels.

You collected 2751 gold pieces.
You spent 1874 gold pieces at shops.

Inventory:

Hand Weapons
 a - a +3 great sword of freezing (weapon)
   (You took it off a wight on level 7 of the Dungeon)
 b - a +0 longbow
   (You took it off a satyr on level 2 of the Shoals)
 w - a +7 antimagic triple sword
   (Trog gifted it to you on level 5 of the Lair of Beasts)
 T - the +6 great sword of Ru's Vengeance {drain, rN+ MR+ Stlth-, unknown}
   (You found it on level 3 of the Shoals)

   A truly terrible weapon, it drains the life of those it strikes.
   It protects you from negative energy.
   It affects your resistance to hostile enchantments.
   It makes you less stealthy.
Missiles
 j - 3 throwing nets (quivered)
 W - 259 arrows
Armour
 q - a +2 cloak (worn)
   (You found it on level 2 of the Dungeon)
 B - a +2 helmet (worn)
   (You took it off Robin on level 2 of the Dungeon)
 C - the +8 chain mail "Haprueli" (worn) {rElec rPois rF+ Dex+3}
   (You found it on level 3 of the Lair of Beasts)

   It affects your dexterity (+3).
   It protects you from fire.
   It insulates you from electricity.
   It protects you from poison.
 L - a +1 pair of gloves (worn)
   (You found it on level 5 of the Dungeon)
 R - a +1 pair of boots (worn)
   (You found it on level 5 of the Lair of Beasts)
Jewellery
 c - a ring of protection from cold (right hand)
   (You bought it in a shop on level 4 of the Orcish Mines)
 f - an uncursed ring of protection from fire
   (You found it on level 5 of the Dungeon)
 i - a ring of see invisible (left hand)
   (You found it on level 8 of the Dungeon)
 l - an amulet of faith (around neck)
   (You found it on level 2 of the Dungeon)
 t - the ring of the Seven Ships {+/*Tele rC+}
   (You found it on level 4 of the Lair of Beasts)

   [ring of teleportation]

   It may teleport you next to monsters, and can be evoked to randomly teleport.
   It protects you from cold.
 D - a +5 ring of evasion
   (You found it on level 2 of the Shoals)
 K - an uncursed ring of flight
   (You found it on level 6 of the Dungeon)
Wands
 d - a wand of digging (10)
   (You found it on level 6 of the Dungeon)
 e - a wand of paralysis (7)
   (You acquired it on level 1 of the Lair of Beasts)
 g - a wand of lightning (7)
   (You found it on level 8 of the Dungeon)
 s - a wand of hasting (6)
   (You took it off a goblin on level 2 of the Dungeon)
 u - a wand of cold (4)
   (You took it off a human on level 14 of the Dungeon)
 I - a wand of enslavement (9)
   (You found it on level 11 of the Dungeon)
 P - a wand of digging (12)
   (You found it on level 7 of the Dungeon)
 Q - a wand of polymorph (9)
   (You found it on level 2 of the Lair of Beasts)
 V - a wand of teleportation (6)
   (You found it on level 2 of the Shoals)
 Y - a wand of cold (8)
   (You found it on level 13 of the Dungeon)
 Z - a wand of cold (8)
   (You found it on level 15 of the Dungeon)
Scrolls
 v - 4 scrolls of recharging
 y - 13 scrolls of teleportation
 A - 12 scrolls of remove curse
 F - 5 scrolls of fog
 N - 5 scrolls of magic mapping
 O - 3 scrolls of blinking
 S - 7 scrolls of fear
 U - 4 scrolls of enchant weapon
Potions
 o - 3 potions of haste
 p - 4 potions of invisibility
 x - a potion of ambrosia
 z - 5 potions of might
 G - a potion of cancellation
 H - 3 potions of resistance
 X - 10 potions of curing
Books
 r - a book of Enchantments
   (You found it on level 3 of the Shoals)

   Spells                             Type                      Level
   a - Cause Fear                     Hexes                        4
   b - Silence                        Hexes/Air                    5
   c - Deflect Missiles               Charms/Air                   6
   d - Haste                          Charms                       6
   e - Discord                        Hexes                        8
   Trog disapproves of the use of such an item.
Miscellaneous
 k - a disc of storms
   (You found it on level 7 of the Lair of Beasts)
 J - a sack of spiders {used: 2}
   (You found it on level 11 of the Dungeon)
Comestibles
 m - 11 meat rations
 E - 20 fruits
 M - 16 bread rations


   Skills:
 + Level 11.7 Fighting
 + Level 19.5 Long Blades
 + Level 13.6 Bows
 + Level 11.9 Armour
 + Level 13.1 Dodging
 - Level 11.1 Evocations


You had 16 spell levels left.
You didn't know any spells.

Dungeon Overview and Level Annotations

Branches:
Dungeon (15/15) Temple (0/1) D:6 Lair (8/8) D:11 Shoals (4/4) Lair:4 Snake (0/4) Lair:6 Slime (0/6) Lair:6 Orc (4/4) D:9 Elf (0/3) Orc:3 Vaults (0/5) D:13 D:14 Depths (0/5) D:15

Altars:
Ashenzari
Cheibriados
Elyvilon
Makhleb
Nemelex Xobeh
Okawaru
Ru
Trog
Yredelemnul
Jiyva

Shops:
D:6 ?   D:9 (   Orc:2 ?   Orc:4 :**:   Shoals:1 [   Shoals:4 *

Annotations:
D:14 Norris


Message History

Trog accepts your kill.
Trog appreciates your killing of a magic user.
You hear a splash. x2
The merfolk javelineer throws a javelin of penetration.
The javelin of penetration pierces through you!
A merfolk comes into view. It is wielding an enchanted trident.
A water nymph comes into view.
The water nymph shouts!
Unknown command.
The merfolk javelineer throws a javelin of penetration.
The javelin of penetration pierces through you.
You see here a javelin of penetration.
You enter the shallow water.
Moving in this stuff is going to be slow.
The merfolk javelineer throws a javelin of penetration.
The javelin of penetration pierces through you!
You hear a splash.
A merfolk impaler comes into view.
It is wielding a demon trident of freezing.
You see here a javelin of penetration.
The water nymph flows with the water.
You enter the shallow water.
Moving in this stuff is going to be slow.
The water nymph closely misses you. The water nymph touches you.
The water nymph drowns you!
Things that are here:
a trident; a robe; a merfolk corpse The water nymph gestures at you while chanting.
The water swirls and strikes you!
The merfolk javelineer throws a javelin of penetration.
The javelin of penetration pierces through you but does no damage.
You hear a splash.
The water nymph misses you.
You see here a javelin of penetration.
The water nymph gestures at you while chanting.
The water swirls and strikes you!
You see here 6 poisoned arrows.
Your stone giant goes berserk!
You feel somewhat more hungry. The water nymph touches you.
* * * LOW HITPOINT WARNING * * *
The water nymph drowns you!
* * * LOW HITPOINT WARNING * * *
Unknown command.
Unknown command.
Drink which item? (? for menu, Esc to quit)
You feel much better.
The merfolk impaler barely misses your stone giant.
Your stone giant misses the water nymph.
The water nymph touches you. The water nymph drowns you!
The merfolk impaler hits your stone giant with a demon trident of freezing!!
The merfolk impaler freezes your stone giant.
Unknown command.
Unknown command.
You closely miss the water nymph.
Your stone giant hits the merfolk impaler!!!
The water nymph touches you. The water nymph drowns you!
* * * LOW HITPOINT WARNING * * *
You hear a shout! x2
Unknown command.
You miss the water nymph.
Your stone giant barely misses the merfolk javelineer.
Unknown command.
You hit the water nymph. You freeze the water nymph.
The water nymph is lightly wounded.
Your stone giant hits the merfolk javelineer!!!
The water nymph gestures at you while chanting.
The water swirls and strikes you!
* * * LOW HITPOINT WARNING * * *
The merfolk javelineer throws a javelin of penetration.
The javelin of penetration pierces through your stone giant!!
The javelin of penetration pierces through the water nymph!
You hear a splash.
The merfolk hits your stone giant with an enchanted trident!
Unknown command.
Your unstable footing causes you to fumble your attack.
Your stone giant barely misses the merfolk javelineer.
The water nymph completely misses you.
The merfolk javelineer throws a javelin of penetration.
The javelin of penetration pierces through your stone giant!!
The javelin of penetration pierces through the water nymph!!
You hear a splash.
The merfolk hits your stone giant with an enchanted trident!
A merfolk aquamancer comes into view. It is wielding a rapier of freezing.
Drink which item? (? for menu, Esc to quit)
You feel agile all of a sudden.
Your stone giant closely misses the merfolk javelineer.
The merfolk aquamancer moves out of view.
The water nymph points at you and mumbles some strange words.
The water swirls and strikes you!
* * * LOW HITPOINT WARNING * * *
Your stone giant hits the merfolk javelineer!!!
The merfolk javelineer dies!
Trog accepts your kill.
You hear a splash. x3
Drink which item? (? for menu, Esc to quit)
You feel better.
The merfolk hits your stone giant with an enchanted trident!
Your stone giant hits the merfolk!!
The water nymph casts a spell at you. The water swirls and strikes you!
You die...

,***≈≈≈≈≈≈≈≈≈≈***,,,≈≈≈≈≈**≈**≈*≈
##**≈≈≈≈≈≈≈##*####≈≈≈≈≈≈≈≈≈≈≈≈≈≈≈
≈#≈###...###≈##≈≈#**≈≈≈≈≈≈≈≈≈≈≈≈≈
≈≈≈≈#....##≈≈≈≈≈≈≈*≈≈≈≈≈≈≈≈≈≈≈≈≈≈
.#.###≈≈.##≈≈#≈#≈##*≈≈≈≈≈≈≈≈≈≈≈≈≈
[.≈# #≈≈.≈#≈≈.)≈≈≈#≈≈≈≈≈≈≈≈≈≈≈≈≈≈
≈#.#*#≈≈≈.#..#≈#≈≈#*≈≈≈≈≈≈≈≈≈≈≈≈≈
≈≈≈≈##≈≈≈##...≈≈(≈#*≈≈≈≈≈≈≈≈≈≈≈≈≈
#≈≈≈#≈)≈≈≈##..##@m##≈≈≈≈≈≈≈≈≈≈≈≈≈
####≈≈≈≈.≈.#######Cm≈≈≈≈≈≈≈≈≈≈≈≈≈
#≈≈#)≈≈≈≈≈≈#≈≈≈.(#)m≈≈≈≈≈≈≈≈≈≈≈≈≈
.....≈≈≈.≈≈≈≈.(...m≈.≈≈≈≈≈≈≈≈≈≈≈≈
....[.≈≈.(..≈.........≈≈≈≈≈≈≈≈≈≈≈
.......m..............≈≈≈≈≈≈≈≈≈≈≈
.......P≈≈≈(≈)m........≈≈≈≈≈≈≈≈≈≈
÷.÷..$≈≈≈≈≈)≈...$......≈≈≈≈≈≈≈≈≈≈
......≈≈≈≈≈≈≈≈.........≈≈≈≈≈≈≈≈≈≈


You could see a merfolk impaler, a merfolk, a water nymph and a friendly stone
giant (berserk).

Vanquished Creatures
  Rupert (D:14)
  Frances (D:14)
  Ilsuiw (Shoals:3)
  Donald (D:14)
  3 merfolk javelineers (Shoals:3)
  Snorg (Orc:3)
  4 merfolk impalers
  Harold (D:12)
  4 ogre magi (Orc:4)
  6 merfolk aquamancers
  4 centaur warriors
  4 hydras
  2 merfolk avatars
  A catoblepas (Lair:8)
  3 satyrs
  A vampire mage (D:15)
  A deep troll shaman (Lair:8)
  5 death yaks
  Urug (Lair:4)
  Sonja (D:13)
  4 skeletal warriors
  A storm dragon skeleton (D:15)
  7 sea snakes
  3 unseen horrors
  A necromancer (D:15)
  Pikel (D:6)
  A lindwurm (Lair:8)
  6 griffons
  2 cyclopes
  A harpy (shapeshifter) (D:13)
  7 fauns
  10 manticores
  An orc knight (Orc:3)
  3 hill giants
  A stone giant zombie (D:15)
  A frost giant zombie (D:15)
  2 orc sorcerers
  14 ugly things
  5 water nymphs
  17 elephants
  2 sirens (Shoals:3)
  Joseph (D:8)
  9 komodo dragons
  3 black mambas
  A gargoyle (D:15)
  2 fire drakes (Lair:6)
  A kobold demonologist (D:15)
  14 spiny frogs
  5 yaktaurs (D:15)
  4 trolls
  3 wind drakes
  A tengu conjurer (D:15)
  A queen bee (D:14)
  14 merfolk
  22 blink frogs
  15 two-headed ogres
  5 polar bears
  6 snapping turtles
  Grinder (D:3)
  5 slime creatures (D:14)
  A raiju (shapeshifter) (D:15)
  A shadow (D:15)
  3 deep elf magi
  A spriggan skeleton (D:15)
  Sigmund (D:2)
  7 water elementals
  2 wyverns
  2 basilisks
  4 ice beasts
  2 hungry ghosts
  The ghost of asdu the Chopper, an amateur CeBe of Trog (D:4)
  Grum (D:11)
  49 yaks
  16 humans
  A steam dragon (D:11)
  14 wolves
  12 hippogriffs
  A naga (Lair:6)
  5 wargs
  Menkaure (D:6)
  2 mottled dragons (D:13)
  6 vampire mosquitoes
  15 water moccasins
  10 porcupines
  Duvessa (D:6)
  4 black bears
  A necrophage (D:7)
  15 orc warriors
  A wasp (D:11)
  2 phantoms (D:14)
  3 sky beasts
  38 ogres
  A slave (D:6)
  10 centaurs
  An eye of draining (D:10)
  15 crocodiles
  19 giant frogs
  Dowan (D:6)
  A wyvern skeleton (D:9)
  A scorpion (D:4)
  8 killer bees (D:14)
  A quasit (D:11)
  11 wights
  An electric eel (Lair:1)
  3 centaur zombies
  2 crimson imps
  8 hounds
  4 jellies
  6 iguanas
  21 orc priests
  Ijyb (D:2)
  21 orc wizards
  4 centaur skeletons
  Jessica (D:2)
  Terence (D:2)
  Natasha (thrice) (D:2)
  9 worker ants
  10 sheep
  Robin (D:2)
  9 gnolls
  56 river rats
  A worker ant zombie (D:6)
  11 adders
  4 shadow imps
  An adder zombie (D:10)
  An adder skeleton (D:8)
  5 giant geckos
  172 orcs
  2 ball pythons
  5 giant cockroaches
  12 goblins
  8 hobgoblins
  6 jackals
  5 quokkas
  4 bats
  3 giant newts
  2 gnoll zombies (D:6)
  6 kobolds
  A quokka skeleton (D:8)
  5 rats
  3 plants
959 creatures vanquished.

Vanquished Creatures (collateral kills)
  A merfolk javelineer (Shoals:4)
  2 merfolk impalers (Shoals:4)
  3 hydras
  4 death yaks
  A tengu warrior (D:14)
  3 skeletal warriors (D:11)
  2 sea snakes
  A griffon (Shoals:4)
  2 fauns (Shoals:4)
  2 manticores
  An oklob plant (Lair:6)
  2 sirens
  A polar bear (Lair:4)
  4 blink frogs (Lair:4)
  3 snapping turtles (Shoals:4)
  A human (D:14)
  A water elemental (Shoals:4)
  A hippogriff (Shoals:4)
  2 yaks (Lair:8)
  A hungry ghost (D:14)
  4 nagas (Lair:6)
  2 sky beasts
  A hound (D:14)
  An orc (D:12)
46 creatures vanquished.

Vanquished Creatures (others)
  A black mamba (Lair:4)
  3 slaves (D:6)
  An orc (Orc:2)
  9 fungi
  11 plants
  4 tentacles (Shoals:2)
  143 tentacle segments (Shoals:2)
172 creatures vanquished.

Grand Total: 1177 creatures vanquished

Notes
Turn   | Place    | Note
--------------------------------------------------------------
     0 | D:1      | magipi the High Elf Berserker began the quest for the Orb.
     0 | D:1      | Reached XP level 1. HP: 16/16 MP: 2/2
    87 | D:1      | Reached skill level 4 in Long Blades
   164 | D:2      | Reached XP level 2. HP: 15/21 MP: 3/3
   275 | D:2      | Noticed Natasha
   289 | D:2      | Killed Natasha
   289 | D:2      | Reached skill level 5 in Long Blades
   289 | D:2      | Reached XP level 3. HP: 8/26 MP: 4/4
   543 | D:2      | Noticed Terence
   561 | D:2      | Killed Terence
   744 | D:1      | Reached XP level 4. HP: 31/31 MP: 5/5
   842 | D:1      | Reached ** piety under Trog
   939 | D:1      | You fall through a shaft!
   992 | D:2      | Reached skill level 6 in Long Blades
  1025 | D:2      | Noticed Ijyb
  1035 | D:2      | Killed Ijyb
  1247 | D:2      | Noticed Natasha
  1257 | D:2      | Killed Natasha
  1257 | D:2      | Reached XP level 5. HP: 36/36 MP: 6/6
  1282 | D:2      | Noticed Robin
  1297 | D:2      | Reached skill level 7 in Long Blades
  1415 | D:2      | Killed Robin
  1440 | D:2      | Noticed Jessica
  1448 | D:2      | Killed Jessica
  1453 | D:2      | Noticed Sigmund
  1470 | D:2      | Killed Sigmund
  1470 | D:2      | Reached skill level 8 in Long Blades
  1470 | D:2      | Reached XP level 6. HP: 31/42 MP: 7/7
  1514 | D:2      | Noticed Natasha
  1518 | D:2      | Killed Natasha
  1812 | D:3      | Found a white marble altar of Elyvilon.
  1856 | D:3      | Reached *** piety under Trog
  1856 | D:3      | Reached skill level 9 in Long Blades
  1939 | D:3      | Found a burning altar of Makhleb.
  2116 | D:3      | Noticed Grinder
  2136 | D:3      | Killed Grinder
  2136 | D:3      | Reached skill level 10 in Long Blades
  2136 | D:3      | Reached XP level 7. HP: 39/46 MP: 8/8
  2445 | D:4      | Noticed asdu's ghost (amateur CeBe)
  2463 | D:4      | Killed asdu's ghost
  2479 | D:4      | Found a sacrificial altar of Ru.
  2594 | D:4      | Reached XP level 8. HP: 42/54 MP: 9/9
  2862 | D:5      | Entered Level 5 of the Dungeon
  2925 | D:5      | Reached skill level 5 in Fighting
  2983 | D:5      | Found an iron altar of Okawaru.
  3417 | D:5      | Reached skill level 5 in Armour
  3531 | D:5      | Reached **** piety under Trog
  3703 | D:6      | Noticed Pikel
  3724 | D:6      | Killed Pikel
  3724 | D:6      | Reached XP level 9. HP: 43/64 MP: 10/10
  3872 | D:6      | Noticed Menkaure
  4003 | D:6      | Killed Menkaure
  4126 | D:6      | Found a sparkling altar of Nemelex Xobeh.
  4146 | D:6      | Found Lymamy's Magic Scroll Boutique.
  4152 | D:6      | Bought a scroll of teleportation for 39 gold pieces
  4152 | D:6      | Bought a scroll of remove curse for 39 gold pieces
  4485 | D:6      | Noticed Dowan
  4490 | D:6      | Noticed Duvessa
  4535 | D:6      | Found a staircase to the Ecumenical Temple.
  4544 | D:6      | Reached ***** piety under Trog
  4629 | D:6      | Killed Dowan
  4665 | D:6      | Killed Duvessa
  4672 | D:6      | Found a basalt altar of Yredelemnul.
  5077 | D:7      | Found a shattered altar of Ashenzari.
  5216 | D:7      | Reached XP level 10. HP: 74/74 MP: 11/11
  5496 | D:8      | Noticed Joseph
  5502 | D:8      | Killed Joseph
  5502 | D:8      | Received a gift from Trog
  6169 | D:9      | Reached skill level 10 in Fighting
  6204 | D:9      | Found a staircase to the Orcish Mines.
  6250 | D:9      | Reached skill level 1 in Evocations
  6432 | D:9      | Found Cumufai's Antique Weapon Emporium.
  6813 | D:9      | Reached skill level 11 in Long Blades
  6819 | D:9      | Received a gift from Trog
  6837 | D:9      | Noticed an orc sorcerer
  6850 | D:9      | Killed an orc sorcerer
  7068 | D:10     | Entered Level 10 of the Dungeon
  7080 | D:10     | Reached XP level 11. HP: 70/81 MP: 15/15
  7140 | D:10     | Reached skill level 5 in Evocations
  7288 | D:10     | Received a gift from Trog
  7491 | D:10     | Reached skill level 12 in Long Blades
  7618 | D:10     | Noticed a green ugly thing
  7628 | D:10     | Killed a green ugly thing
  7811 | D:11     | Noticed a hill giant
  7817 | D:11     | Killed a hill giant
  8122 | D:11     | Noticed a skeletal warrior
  8122 | D:11     | Noticed a skeletal warrior
  8138 | D:11     | Noticed a skeletal warrior
  8140 | D:11     | Noticed a skeletal warrior
  8142 | D:11     | Noticed a skeletal warrior
  8145 | D:11     | Killed a skeletal warrior
  8151 | D:11     | Killed a skeletal warrior
  8151 | D:11     | Reached skill level 13 in Long Blades
  8156 | D:11     | Killed a skeletal warrior
  8158 | D:11     | Killed a skeletal warrior
  8159 | D:11     | Killed a skeletal warrior
  8202 | D:11     | Noticed a hill giant
  8215 | D:11     | Killed a hill giant
  8499 | D:11     | Found a staircase to the Lair.
  8596 | Orc:1    | Entered Level 1 of the Orcish Mines
  8872 | Orc:1    | Reached ****** piety under Trog
  9032 | Orc:2    | Received a gift from Trog
  9051 | Orc:2    | Found Koexkox's Magic Scroll Emporium.
  9066 | Orc:2    | Bought a scroll of identify for 28 gold pieces
  9066 | Orc:2    | Bought a scroll of teleportation for 42 gold pieces
  9066 | Orc:2    | Bought a scroll of identify for 28 gold pieces
  9066 | Orc:2    | Bought a scroll of identify for 28 gold pieces
  9066 | Orc:2    | Bought a scroll of identify for 28 gold pieces
  9066 | Orc:2    | Bought a scroll of identify for 28 gold pieces
  9066 | Orc:2    | Bought a scroll of identify for 28 gold pieces
  9087 | Orc:2    | Reached XP level 12. HP: 87/87 MP: 19/19
  9149 | Orc:2    | Bought a scroll of identify for 28 gold pieces
  9149 | Orc:2    | Bought a scroll of identify for 28 gold pieces
  9149 | Orc:2    | Bought a scroll of magic mapping for 49 gold pieces
  9513 | Orc:2    | Found a bloodstained altar of Trog.
  9632 | Orc:3    | Reached skill level 14 in Long Blades
 10001 | Orc:2    | Received a gift from Trog
 10348 | Orc:4    | Entered Level 4 of the Orcish Mines
 10370 | Orc:3    | Found a staircase to the Elven Halls.
 10466 | Orc:3    | Noticed Snorg
 10473 | Orc:3    | Killed Snorg
 10715 | Orc:4    | Noticed an ogre mage
 10738 | Orc:4    | Received a gift from Trog
 10750 | Orc:4    | Killed an ogre mage
 10750 | Orc:4    | Reached skill level 10 in Evocations
 10764 | Orc:4    | Received a gift from Trog
 10822 | Orc:4    | Reached skill level 15 in Long Blades
 10893 | Orc:4    | Found Ocyxoliyty's Book Emporium.
 10893 | Orc:4    | Found Puoxtyar's Assorted Antiques.
 10894 | Orc:4    | Found Vuxam's General Store.
 10894 | Orc:4    | Found Bonouxze's Book Shoppe.
 10898 | Orc:4    | Noticed an ogre mage
 10902 | Orc:4    | Noticed an ogre mage
 10928 | Orc:4    | Killed an ogre mage
 10932 | Orc:4    | Killed an ogre mage
 10958 | Orc:4    | Bought a scroll of fog for 44 gold pieces
 10958 | Orc:4    | Bought a scroll of teleportation for 66 gold pieces
 10958 | Orc:4    | Bought an emerald ring for 110 gold pieces
 10959 | Orc:4    | Reached XP level 13. HP: 92/92 MP: 22/22
 10970 | Orc:4    | Bought an uncursed ring of protection from cold for 400 gold pieces
 10970 | Orc:4    | Bought a scroll of enchant weapon for 120 gold pieces
 10970 | Orc:4    | Bought a scroll of identify for 32 gold pieces
 11272 | Lair:1   | Entered Level 1 of the Lair of Beasts
 11272 | Lair:1   | Noticed Grum
 11286 | D:11     | Killed Grum
 11304 | D:11     | Received a gift from Trog
 11438 | Lair:1   | Identified a scroll of acquirement
 11514 | Lair:1   | Reached XP level 14. HP: 60/99 MP: 23/23
 12331 | Lair:2   | Received a gift from Trog
 12448 | Lair:3   | Got a crude chain mail
 12485 | Lair:3   | Identified the +8 chain mail "Haprueli" {rElec rPois rF+ Dex+3} (You found it on level 3 of the Lair of Beasts)
 12669 | Lair:3   | Reached skill level 16 in Long Blades
 13383 | Lair:4   | Got a pitted lead ring
 13384 | Lair:4   | Identified the ring of the Seven Ships {+/*Tele rC+} (You found it on level 4 of the Lair of Beasts)
 13385 | Lair:4   | Noticed Urug
 13408 | Lair:4   | Killed Urug
 13408 | Lair:4   | Reached skill level 1 in Bows
 13408 | Lair:4   | Reached skill level 10 in Armour
 13876 | Lair:5   | Received a gift from Trog
 14618 | Lair:5   | Received a gift from Trog
 14718 | Lair:6   | Reached skill level 10 in Dodging
 14767 | Lair:6   | Reached skill level 5 in Bows
 14883 | Lair:6   | Found a viscous altar of Jiyva.
 14883 | Lair:6   | Found a staircase to the Slime Pits.
 15366 | Lair:6   | Found a staircase to the Snake Pit.
 15687 | Lair:7   | Received a gift from Trog
 15764 | Lair:7   | Reached skill level 17 in Long Blades
 16064 | Lair:8   | Entered Level 8 of the Lair of Beasts
 16179 | Lair:8   | Reached XP level 15. HP: 103/103 MP: 24/24
 16546 | Lair:7   | Received a gift from Trog
 17315 | Lair:8   | Reached skill level 10 in Bows
 17431 | Lair:8   | Got a steaming chain mail
 17432 | Lair:8   | Identified the +4 chain mail of Beunkius {rC- rCorr Str+3 Dex+7} (You found it on level 8 of the Lair of Beasts)
 17889 | D:12     | Noticed Harold
 17913 | D:12     | Killed Harold
 17913 | D:12     | Reached skill level 18 in Long Blades
 18125 | D:12     | Received a gift from Trog
 18639 | D:13     | Found a snail-covered altar of Cheibriados.
 18893 | D:13     | Noticed Sonja
 18919 | D:13     | Killed Sonja
 19015 | D:14     | Found a gate to the Vaults.
 19015 | D:14     | Noticed Rupert
 19015 | D:14     | Noticed Norris
 19015 | D:14     | Noticed Donald
 19137 | D:14     | Noticed Frances
 19154 | D:14     | Killed Frances
 19367 | D:14     | Received a gift from Trog
 19507 | D:14     | Killed Rupert
 19548 | D:14     | Killed Donald
 19593 | D:14     | Received a gift from Trog
 19764 | D:14     | Received a gift from Trog
 19904 | D:14     | Reached XP level 16. HP: 41/110 MP: 25/25
 19905 | D:14     | Received a gift from Trog
 20199 | D:15     | Entered Level 15 of the Dungeon
 20216 | D:15     | Found a staircase to the Depths.
 20633 | D:15     | Received a gift from Trog
 21329 | Lair:1   | You fall through a shaft!
 21405 | Lair:4   | Found a staircase to the Shoals.
 21426 | Shoals:1 | Entered Level 1 of the Shoals
 21658 | Shoals:1 | Received a gift from Trog
 21662 | Shoals:1 | HP: 4/111 [water elemental (13)]
 21889 | Shoals:1 | Found Zietsyos's Antique Armour Shoppe.
 22455 | Shoals:1 | Received a gift from Trog
 22457 | Shoals:1 | Reached skill level 19 in Long Blades
 24360 | Shoals:3 | Received a gift from Trog
 24584 | Shoals:3 | Got a faintly glowing great sword
 24841 | Shoals:4 | Entered Level 4 of the Shoals
 24868 | Shoals:4 | Noticed Ilsuiw
 24884 | Shoals:4 | Found Cavvufal's Assorted Antiques.
 25245 | Shoals:3 | Killed Ilsuiw
 25296 | Shoals:4 | Bought a scroll of enchant weapon for 247 gold pieces
 25296 | Shoals:4 | Bought 2 potions of might for 264 gold pieces
 25296 | Shoals:4 | Bought 2 potions of curing for 198 gold pieces
 25326 | Shoals:4 | Received a gift from Trog
 25668 | Shoals:4 | Reached XP level 17. HP: 110/119 MP: 26/26
 25720 | Shoals:4 | Received a gift from Trog
 25773 | Shoals:4 | HP: 4/119 [water nymph/the raging water (15)]
 25774 | Shoals:4 | Killed from afar by a water nymph

Action                   |  1- 3 |  4- 6 |  7- 9 | 10-12 | 13-15 | 16-18 || total
-------------------------+-------+-------+-------+-------+-------+-------++-------
Melee: Falchion          |    54 |   204 |   290 |       |       |       ||   548
       Great sword       |       |       |   106 |   746 |  1383 |   705 ||  2940
       Triple sword      |       |       |       |       |     5 |       ||     5
 Fire: Shortbow          |       |       |       |       |    73 |       ||    73
Throw: Javelin           |       |       |       |     6 |    11 |       ||    17
Invok: Berserk           |     2 |       |     9 |     6 |     2 |     5 ||    24
       Trog's Hand       |       |     2 |       |     4 |     2 |     6 ||    14
       Brothers in Arms  |       |       |       |     1 |     5 |     4 ||    10
       Burn Spellbooks   |       |       |       |     1 |       |       ||     1
 Abil: Evoke Flight      |       |       |       |       |       |     7 ||     7
Evoke: Wand              |       |       |       |    11 |    16 |     6 ||    33
       Sack of spiders   |       |       |       |       |     2 |       ||     2
  Use: Scroll            |       |       |    11 |    14 |    15 |     5 ||    45
       Potion            |       |       |       |     3 |     2 |     6 ||    11
 Stab: Distracted        |       |       |       |     1 |     1 |       ||     2
       Sleeping          |       |       |       |       |     1 |       ||     1
       Paralysed         |       |       |       |       |     1 |       ||     1
  Eat: Beef jerky        |     1 |       |     1 |     1 |       |       ||     3
       Chunk             |       |     5 |    16 |    25 |    17 |    13 ||    76
       Pizza             |       |       |     1 |       |     7 |     6 ||    14
       Bread ration      |       |       |     1 |       |       |       ||     1
       Royal jelly       |       |       |       |       |     3 |     1 ||     4
       Fruit             |       |       |       |       |       |     8 ||     8
